 Dungeon Crawl Stone Soup version 0.30.1-4-g462c640d31 (webtiles) character file.

Game seed: 14740986528994952797

5716 monsoonserge the Grappler (level 10, -8/102 HPs)
             Began as a Troll Fighter on Sept 13, 2023.
             Was a Follower of Wu Jian.
             Mangled by Erolcha
             ... wielding a +5 giant spiked club
              (51 damage)
             ... on level 9 of the Dungeon.
             The game lasted 00:15:43 (6362 turns).

monsoonserge the Grappler (Troll Fighter)           Turns: 6362, Time: 00:15:44

Health: -8/102     AC:  8    Str: 26    XL:     10   Next: 48%
Magic:  18/18      EV: 14    Int: 10    God:    Wu Jian [*.....]
Gold:   476        SH:  9    Dex:  9    Spells: 9/9 levels left

rFire   + .          .
                       - Unarmed
rCold   . . .        b - +0 kite shield
rNeg    . . .        y - +2 robe of Egrahood {rF+ Will+ MP+9 Int+2}
rPois   .            (helmet restricted)
rElec   .            k - +1 cloak
rCorr   .            (gloves unavailable)
SInv    .            (boots unavailable)
Will    +....        (no amulet)
Stlth   +            B - +5 ring of evasion
HPRegen 1.17/turn    L - +4 ring of slaying
MPRegen 0.16/turn

%: no passive effects
@: no status effects
A: large, unfitting armour, claws 3, regeneration 1, shaggy fur 1, tough skin 1
a: Renounce Religion


You were on level 9 of the Dungeon.
You worshipped Wu Jian.
Wu Jian was aware of your devotion.
You visited 2 branches of the dungeon, and saw 10 of its levels.

You collected 476 gold pieces.

Inventory:

Missiles
 v - 5 boomerangs of dispersal
 x - 10 poisoned darts (quivered)
 K - 3 throwing nets
Armour
 b - a +0 kite shield (worn)
 k - a +1 cloak (worn)
 y - the +2 robe of Egrahood (worn) {rF+ Will+ MP+9 Int+2}
   (You found it on level 4 of the Dungeon)

   Int:       It affects your intelligence (+2).
   rF:        It protects you from fire.
   MP:        It affects your magic capacity (+9).
   Will:      It increases your willpower.
Magical Staves
 m - a staff of death
Jewellery
 a - a ring of protection from cold
 B - a +5 ring of evasion (left claw)
 J - a ring of fire
 L - a +4 ring of slaying (right claw)
Wands
 r - a wand of flame (16)
 w - a wand of polymorph (9)
 A - a wand of mindburst (17)
 F - a wand of roots (5)
Scrolls
 d - 2 scrolls of enchant weapon {unknown}
 g - 6 scrolls of identify {unknown}
 i - a scroll of vulnerability {unknown}
 n - 3 scrolls of immolation {unknown}
 o - 2 scrolls of teleportation {unknown}
 s - a scroll of summoning {unknown}
 u - 3 scrolls of fear {unknown}
 z - a scroll of silence {unknown}
 C - a scroll of fog {unknown}
 D - a scroll of poison {unknown}
 G - a scroll of magic mapping {unknown}
 I - a scroll of acquirement {unknown}
Potions
 c - 2 potions of might
 e - 2 potions of ambrosia {unknown}
 f - 5 potions of curing {unknown}
 h - a potion of degeneration {unknown}
 j - 3 potions of invisibility {unknown}
 l - 3 potions of magic {unknown}
 p - 6 potions of heal wounds {unknown}
 q - a potion of lignification {unknown}
 E - a potion of mutation {unknown}
 H - a potion of brilliance {unknown}
Miscellaneous
 t - a piece from Xom's chessboard (15/15)


   Skills:
 + Level 7.0 Fighting
 - Level 2.7 Dodging
 + Level 7.8 Shields
 * Level 11.2 Unarmed Combat
 - Level 1.0 Evocations


You had 9 spell levels left.
You didn't know any spells.
Your spell library contained the following spells:

 Spells                   Type           Power      Damage    Failure   Level
 Apportation              Tloc           0%         N/A       56%         1
 Freeze                   Ice            0%         1d3       56%         1
 Necrotise                Necr           0%         1d4       56%         1
 Summon Small Mammal      Summ           0%         N/A       56%         1
 Lesser Beckoning         Tloc           0%         N/A       71%         2
 Static Discharge         Conj/Air       0%         2-2/arc   71%         2
 Sublimation of Blood     Necr           0%         N/A       71%         2
 Frozen Ramparts          Ice            0%         1d1       90%         3
 Gell's Gravitas          Tloc           0%         N/A       90%         3
 Hailstorm                Conj/Ice       0%         3d3       90%         3
 Teleport Other           Tloc           0%         N/A       90%         3
 Airstrike                Air            0%         2d(0-16)  100%        4
 Anguish                  Hex/Necr       0%         N/A       100%        4
 Cause Fear               Hex            0%         N/A       100%        4
 Petrify                  Tmut/Erth      0%         N/A       100%        4
 Summon Lightning Spire   Summ/Air       0%         N/A       100%        4
 Agony                    Necr           0%         N/A       100%        5
 Alistair's Intoxication  Tmut/Pois      0%         N/A       100%        5
 Irradiate                Conj/Tmut      0%         3d11      100%        5
 Enfeeble                 Hex            0%         N/A       100%        7
 Infestation              Necr           0%         N/A       100%        8


Dungeon Overview and Level Annotations

Branches:
Dungeon (9/15)             Temple (1/1) D:6
   Lair: D:8-11         Orc: D:9-12

Altars:
Ashenzari
Cheibriados
Dithmenos
Fedhas
Gozag
Hepliaklqana
Kikubaaqudgha
Makhleb
Okawaru
Qazlal
Trog
Uskayaw
Vehumet
Wu Jian
Xom
Yredelemnul
Zin
The Shining One

Shops:
D:4 *   D:7 **

Annotations:
D:7 2 transporters, deadpool521's ghost, novice MiFi
D:9 Erolcha


Innate Abilities, Weirdness & Mutations

You are too large for most types of armour.
You have claws for hands.
Your natural rate of healing is unusually fast.
You are covered in fur. (AC +1)
You have tough skin. (AC +1)


Message History

Unknown command.
Unknown command.
You closely miss the killer bee. The killer bee stings you.
The killer bee stings you!
You are poisoned.
The killer bee poisons you!
Unknown command.
Unknown command.
You closely miss the killer bee.
You feel sick. You block the killer bee's attack.
Unknown command.
Unknown command.
You mangle the killer bee!!
You kill the killer bee!
The Council accepts your kill.
You feel sick. Erolcha casts a spell at you.
The fireball explodes!
The fireball engulfs you. You resist.
Unknown command.
Unknown command.
You feel sick.
Erolcha drinks a potion.
Erolcha seems to grow stronger.
You feel sick.
You scratch Erolcha.
Erolcha is lightly wounded.
You feel sick.
Erolcha casts a spell.
Erolcha blinks!
You feel sick.
You are no longer poisoned.
You lunge at Erolcha.
You mangle Erolcha!!
Erolcha is almost dead.
Erolcha gestures wildly while chanting.
Erolcha flickers and vanishes!
Deactivating autopickup; reactivate with Ctrl-A.
You completely miss something. Something hits you!!!
Ouch! That really hurt!
You closely miss something. You closely miss something. Something hits you!!!
Ouch! That really hurt!
You die...

#....... #.....#
.# #.......
#.....# .#
#.......
#.....##### ..#
#....[..
#.....#...##..##.
#......#
#...#.#..........
#.......
#.....#..........
#.......
#.....#..........
#.......
#.....'..@##.....
#.....##
#....##..{# .##.
#.....'.
#....#....# #
#..##.#.
#.##.#....#
#..##)#'
#.##.#....##
#.......
#....#.....#
#.......
#....##'####
#.......
#..........#####
#.###...
#......###.....#
#.......


There were no monsters in sight!

Vanquished Creatures
  A two-headed ogre (D:9)
  Pikel (D:7)
  Psyche (D:9)
  A hornet (D:8)
  A troll (D:9)
  Prince Ribbit (D:7)
  3 yaks (D:8)
  3 wyverns
  2 steam dragons (D:8)
  An ice beast (D:5)
  A black bear (D:8)
  3 ogres
  2 centaurs (D:8)
  2 phantoms
  Blork the orc (D:5)
  3 bullfrogs
  2 gnoll sergeants
  A scorpion (D:4)
  A wight (D:8)
  7 killer bees
  5 howler monkeys
  2 hounds
  2 jellies
  6 orc priests
  3 sleepcaps
  An iguana (D:6)
  Natasha (thrice) (D:2)
  7 orc wizards
  A statue (D:8)
  13 gnolls
  10 adders
  2 shadow imps (D:5)
  A worm (D:2)
  2 dart slugs
  27 orcs
  3 endoplasms
  A giant cockroach (D:4)
  4 goblins
  6 hobgoblins
  3 quokkas
  5 ball pythons
  4 bats
  2 frilled lizards
  6 kobolds
  4 rats
161 creatures vanquished.

Notes
Turn   | Place    | Note
-------+----------+-------------------------------------------
     0 | D:1      | monsoonserge the Troll Fighter began the quest for the Orb.
     0 | D:1      | Reached XP level 1. HP: 22/22 MP: 0/0
   143 | D:1      | Reached XP level 2. HP: 29/29 MP: 1/1
   392 | D:2      | Noticed Natasha
   531 | D:2      | Reached XP level 3. HP: 36/36 MP: 2/2
   571 | D:2      | Got Zem Kezy's Verses on Nightshade
   755 | D:2      | Reached skill level 3 in Unarmed Combat
   826 | D:2      | Killed Natasha
   827 | D:2      | Reached XP level 4. HP: 44/44 MP: 3/3
   842 | D:2      | Noticed Natasha
   848 | D:2      | Killed Natasha
   874 | D:2      | Found a faded altar of an unknown god.
  1184 | D:2      | Noticed Natasha
  1196 | D:2      | Killed Natasha
  1434 | D:3      | Found a shimmering altar of Xom.
  1511 | D:3      | Reached XP level 5. HP: 53/53 MP: 4/4
  1611 | D:3      | You fall into a shaft and drop 1 floor!
  1612 | D:4      | Found Gapauph's Neck Hole.
  1650 | D:4      | Reached skill level 4 in Unarmed Combat
  1768 | D:4      | Reached XP level 6. HP: 60/61 MP: 5/5
  1789 | D:3      | Found a shadowy altar of Dithmenos.
  1863 | D:3      | Found an ancient bone altar of Kikubaaqudgha.
  1946 | D:3      | Found an opulent altar of Gozag.
  1946 | D:3      | Found a blossoming altar of Fedhas.
  2126 | D:3      | Found a snail-covered altar of Cheibriados.
  2372 | D:4      | Reached skill level 5 in Unarmed Combat
  2542 | D:4      | Reached XP level 7. HP: 68/68 MP: 6/6
  2674 | D:4      | Identified the +2 robe of Egrahood {rF+ Will+ MP+9 Int+2}
  2929 | D:5      | Entered Level 5 of the Dungeon
  3377 | D:5      | Reached skill level 6 in Unarmed Combat
  3638 | D:5      | Noticed Blork the orc
  3645 | D:5      | Killed Blork the orc
  3935 | D:5      | Reached XP level 8. HP: 40/79 MP: 7/7
  4023 | D:5      | Reached skill level 5 in Shields
  4033 | D:5      | Reached skill level 7 in Unarmed Combat
  4206 | D:6      | Found a staircase to the Ecumenical Temple.
  4215 | Temple   | Entered the Ecumenical Temple
  4224 | Temple   | Became a worshipper of the Wu Jian Council
  4365 | D:6      | Reached skill level 5 in Fighting
  4379 | D:6      | Found a basalt altar of Yredelemnul.
  4543 | D:6      | Found a glowing silver altar of Zin.
  4681 | D:7      | Noticed Pikel
  4712 | D:7      | Reached skill level 8 in Unarmed Combat
  4723 | D:7      | Noticed Prince Ribbit
  4730 | D:7      | Killed Prince Ribbit
  4803 | D:7      | Reached XP level 9. HP: 88/88 MP: 8/8
  4812 | D:7      | Noticed deadpool521's ghost (novice MiFi)
  4814 | D:7      | Noticed a moth of wrath
  4823 | D:7      | Found a transporter.
  4841 | D:7      | Found a transporter.
  4948 | D:7      | Found Yrrusinu's Assorted Antiques.
  5042 | D:7      | Found Qiagiluc's Assorted Antiques.
  5109 | D:7      | Killed Pikel
  5110 | D:7      | Reached skill level 9 in Unarmed Combat
  5330 | D:8      | Reached skill level 10 in Unarmed Combat
  5346 | D:8      | Reached * piety under Wu Jian
  5551 | D:8      | Found a glowing golden altar of the Shining One.
  5604 | D:8      | Found a radiant altar of Vehumet.
  5643 | D:8      | Found a hide-covered altar of Uskayaw.
  5690 | D:8      | Reached XP level 10. HP: 100/100 MP: 9/9
  5994 | D:9      | Noticed a two-headed ogre
  5997 | D:9      | Killed a two-headed ogre
  5998 | D:9      | Reached skill level 1 in Evocations
  6272 | D:9      | Noticed Psyche
  6280 | D:9      | Killed Psyche
  6281 | D:9      | Reached skill level 11 in Unarmed Combat
  6349 | D:9      | Noticed Erolcha
  6362 | D:9      | Mangled by Erolcha

Illustrated notes

Levels and vault maps discovered:
D:1:      reono_arrival_forest_river, layout_basic
D:2:      layout_loops_cross, serial_forest, infiniplex_forest_fountain,
          infiniplex_forest_clump_curved, infiniplex_forest_clump_double,
          infiniplex_forest_straight_4, infiniplex_forest_straight_5,
          infiniplex_forest_straight_3, infiniplex_forest_end_2,
          hellmonk_ecumenical_altar_pennies_from_heaven, uniq_natasha
D:3:      layout_basic, grunt_dithmenos_smoke_and_mirrors, xom_butterflies,
          general_overflow_altar, nicolae_kikubaaqudgha_miasma_corner,
          amethyst_overflow_temple_binary, hex_large
D:4:      layout_cave_pods, nicolae_shop_sticking_my_neck_out
D:5:      layout_loops_corners, uniq_blork_the_orc
D:6:      layout_rooms, kennysheep_mini_moat, mainiacjoe_overflow_catwalk,
          lemuel_temple_firewalk_a
D:7:      layout_basic, serial_shops, shop, nicolae_shop_rolling_square,
          gammafunk_ghost_berserking_beasts, uniq_prince_ribbit1, uniq_pikel
D:8:      nicolae_cairo_tiling_large_dashed, layout_rooms, vehumet_statue,
          nicolae_uskayaw_murder_on_the_dancefloor,
          mainiacjoe_overflow_tiny_flanked, minmay_increasing_density
D:9:      layout_stronghold, uniq_psyche, uniq_erolcha
Temple:   nicolae_temple_great_sept

Skill      XL: |  1  2  3  4  5  6  7  8  9 10 |
---------------+-------------------------------+-----
Shields        | 3 4 6 7 |  7.8
Unarmed Combat | 3 4 5 6 8 10 11 | 11.2
Fighting       | 3 4 5 6 7 |  7.0
Evocations     | 1 |  1.0
Dodging        | |  2.7

Action                     |  1- 3 |  4- 6 |  7- 9 | 10-12 || total
---------------------------+-------+-------+-------+-------++-------
  Melee: Unarmed           |    76 |   123 |   261 |    73 ||   533
  Throw: Dart              |       |       |     4 |     1 ||     5
Ability: Lunge             |       |       |     7 |    10 ||    17
         Whirlwind         |       |       |     2 |    19 ||    21
   Stab: Sleeping          |       |     1 |     1 |       ||     2
 Armour: Robe              |    22 |    24 |    84 |     9 ||   139
  Dodge: Dodged            |    33 |    35 |   162 |    30 ||   260
  Block: Kite shield       |    26 |    47 |   105 |    26 ||   204
